Map: Triton LE

Players

Reynor

  • Race: Zerg Zerg
  • Spawn Location: 11:00

ShoWTimE - Winner!

  • Race: Protoss Protoss
  • Spawn Location: 5:00

VOD

Have the link to the VOD?

Description

Time

  • Played on: Sept. 6, 2019, 8:38 p.m.
  • Length: 8:18
Show
View Real Time Build Order
Export as new Build Order

Reynor Zerg 

Build Orders: Hatch First 

Get SALT Encoding   

  12  0:00  Drone  
  13  0:12  Overlord  
  13  0:17  Drone  
  14  0:31  Drone x2  
  16  0:48  Hatchery  
  15  0:51  Drone  
  15  0:55  Drone  
  17  0:59  Drone  
  18  1:08  Extractor  
  17  1:14  Spawning Pool  
  17  1:16  Drone  
  17  1:20  Drone  
  18  1:28  Drone  
  19  1:38  Drone  
  20  1:49  Overlord  
  20  2:00  Zergling x4, Queen x2  
  26  2:10  Drone  
  26  2:11  Drone  
  28  2:21  Drone x2  
  30  2:27  Hatchery  
  29  2:33  Drone  
  29  2:36  Drone, Pneumatized Carapace  
  31  2:42  Drone  
  31  2:44  Overlord  
  32  2:54  Drone x2  
  34  3:05  Drone x2  
  34  3:07  Queen  
  34  3:10  Overlord, Drone x2  
  40  3:14  Drone  
  40  3:18  Drone  
  42  3:20  Metabolic Boost  
  42  3:25  Drone  
  43  3:29  Drone  
  44  3:37  Overlord  
  44  3:39  Queen  
  44  3:41  Zergling x6  
  49  3:42  Drone x2  
  50  3:54  Overlord, Queen  
  50  4:00  Drone x3  
  50  4:03  Spore Crawler, Drone  
  50  4:04  Spore Crawler  
  50  4:05  Drone  
  50  4:08  Drone  
  50  4:14  Drone x3  
  50  4:17  Drone x2  
  55  4:19  Drone  
  55  4:21  Drone x2  
  58  4:25  Spore Crawler  
  58  4:26  Spore Crawler  
  58  4:29  Spore Crawler  
  58  4:30  Drone  
  55  4:32  Drone  
  55  4:35  Drone x5  
  55  4:37  Drone  
  65  4:45  Overlord  
  65  4:50  Spore Crawler, Queen  
  65  4:51  Overlord  
  66  4:55  Extractor  
  66  4:56  Extractor  
  66  4:57  Drone x2  
  66  4:58  Roach Warren  
  66  4:59  Drone  
  66  5:01  Overlord  
  66  5:08  Drone x6  
  66  5:10  Drone  
  66  5:11  Drone  
  74  5:15  Overlord  
  74  5:16  Drone x2  
  74  5:20  Lair  
  76  5:22  Drone  
  76  5:23  Drone, Extractor  
  76  5:24  Drone, Extractor  
  76  5:27  Drone x2  
  79  5:32  Zergling x4  
  79  5:33  Zergling x4  
  83  5:36  Overlord  
  83  5:40  Roach x3  
  89  5:44  Evolution Chamber, Zergling x4  
  90  5:52  Overlord  
  90  5:53  Extractor  
  90  5:56  Drone x3  
  90  5:57  Drone  
  93  5:58  Zergling x6  
  93  6:00  Hatchery  
  95  6:13  Queen  
  97  6:20  Drone x3  
  97  6:24  Drone  
  97  6:25  Drone  
  99  6:31  Drone x4  
  99  6:32  Drone x2  
  102  6:36  Infestation Pit  
  101  6:40  Drone x2  
  101  6:46  Drone, Nydus Network  
  101  6:47  Drone x3  
  104  6:49  Overlord  
  105  6:55  Overlord  
  105  7:01  Overlord x2  
  104  7:02  Roach, Spine Crawler x2  
  104  7:03  Spine Crawler  
  104  7:08  Overlord  
  102  7:09  Ravager x3  
  102  7:10  Roach x4  
  102  7:11  Overlord  
  102  7:12  Roach  
  115  7:16  Queen  
  115  7:18  Roach  
  115  7:20  Zergling x2, Roach x3  
  126  7:24  Zergling x6, Roach x3  
  132  7:32  Ravager x3  
  132  7:34  Roach x3  
  133  7:39  Roach  
  133  7:40  Ravager x3, Queen  
  133  7:42  Roach  
  133  7:45  Zergling x2, Roach  
  116  7:52  Zergling x6, Roach x3  
  116  7:56  Zergling x6, Roach x2  
  114  7:58  Zergling x2  
Show
View Real Time Build Order
Export as new Build Order

ShoWTimE Protoss - Winner!

Build Orders: 1 Gate Expand, Oracle Opening, Phoenix Opening 

Get SALT Encoding   

  12  0:00  Probe  
  13  0:12  Probe  
  14  0:18  Pylon  
  14  0:24  Probe  
  15  0:32  Probe  
  15  0:38  Gateway  
  15  0:40  Probe  
  16  0:46  Assimilator  
  17  0:51  Probe  
  18  1:03  Probe  
  19  1:15  Probe  
  20  1:24  Nexus  
  20  1:27  Probe  
  21  1:37  Cybernetics Core  
  21  1:40  Probe  
  21  1:45  Assimilator  
  22  1:51  Pylon  
  22  1:54  Probe  
  23  2:03  Adept  
  23  2:09  Probe  
  26  2:16  Stargate  
  26  2:22  Probe  
  27  2:25  Warp Gate  
  27  2:31  Probe  
  27  2:32  Probe  
  27  2:33  Adept  
  31  2:39  Probe  
  31  2:40  Probe  
  32  2:48  Probe  
  32  2:50  Probe  
  34  2:55  Phoenix  
  35  3:00  Probe  
  35  3:02  Probe  
  39  3:07  Pylon  
  39  3:12  Oracle, Probe  
  40  3:14  Probe  
  41  3:24  Probe  
  41  3:26  Probe, Assimilator  
  46  3:28  Assimilator  
  46  3:36  Probe  
  46  3:38  Probe  
  46  3:39  Gateway  
  48  3:44  Oracle  
  48  3:48  Probe  
  48  3:51  Probe  
  53  4:00  Probe  
  52  4:03  Probe  
  52  4:09  Robotics Facility  
  51  4:10  Pylon  
  51  4:12  Adept  
  51  4:13  Probe  
  54  4:20  Gateway x2  
  54  4:23  Oracle  
  54  4:37  Adept  
  59  4:38  Sentry  
  59  4:42  Probe  
  62  4:50  Pylon  
  62  4:52  Nexus  
  62  4:58  Oracle  
  62  5:01  Pylon  
  62  5:02  Warp Prism  
  67  5:15  Sentry  
  67  5:17  Pylon  
  67  5:19  Gateway  
  69  5:21  Gateway  
  69  5:23  Gateway  
  69  5:26  Gateway  
  69  5:27  Immortal  
  69  5:30  Sentry x2  
  69  5:33  Pylon  
  73  5:40  Pylon  
  77  5:46  Sentry x2  
  81  5:52  Pylon  
  81  5:58  Immortal  
  81  6:02  Zealot x2  
  85  6:08  Pylon  
  83  6:26  Sentry  
  85  6:33  Stalker x6  
  97  6:43  Stalker  
  97  6:45  Observer  
  100  6:51  Pylon  
  100  7:02  Adept  
  100  7:03  Stalker x4  
  100  7:06  Zealot  
  111  7:08  Stalker  
  113  7:30  Zealot x7  
  113  7:54  Stalker x5  
  113  7:55  Zealot  
  106  8:14  Stalker x2  
  106  8:15  Zealot  
Tags
 
Add a new tag
Caveats
  • Supply blocks, unpowered buildings, or Contaminate may cause inaccurate times.
  • Supply counts are checked every 10 seconds.